General information
			
			
        
        - name: Local Game (ATempT)
 
        - type: Custom game
 
        - host: ATempT
 
        - saver: ATempT
 
        
map: TurtleRock 
        - players: 4
 
        - length: 16:03
 
        - speed: Fast
 - version: 1.22 W3XP
 - replay type:  Public
 
» download(147 KB)
Players
        team 1 (loser) 
              
              
ATempT (
red | 131 APM | 2099 actions | 16:03)
              
 3 Blademaster 
 2 Wind Walk
 1 Critical Strike
 1 Shadow Hunter 
 1 Healing Wave
 
                » actions 
                
                | Assign group hotkey | 32 |  | 
| Basic commands | 1 |  | 
| Build / train | 48 |  | 
| Enter build submenu | 21 |  | 
| Enter hero's abilities submenu | 4 |  | 
| Give item / drop item | 2 |  | 
| Remove unit from queue | 1 |  | 
| Right click | 1072 |  | 
| Select / deselect | 328 |  | 
| Select group hotkey | 537 |  | 
| Use ability | 52 |  | 
                2099 total
 » units 
                
                | Peon | 8 |  | 
| Grunt | 5 |  | 
| Raider | 7 |  | 
| Spirit Walker | 4 |  | 
| Troll Headhunter/Berserker | 1 |  | 
                25 total
 » upgrades
                
                | Ensnare | 1 |  | 
| Spirit Walker Training | 1 |  | 
| Armor | 1 |  | 
| Ranged Weapons | 1 |  | 
| Melee Weapons | 1 |  | 
                5 total
 » buildings
                
                | Altar of Storms | 1 |  | 
| Orc Burrow | 10 |  | 
| Barracks | 1 |  | 
| Voodoo Lounge | 1 |  | 
| Stronghold | 1 |  | 
| Beastiary | 1 |  | 
| Spirit Lodge | 1 |  | 
| Great Hall | 1 |  | 
| War Mill | 1 |  | 
| Fortress | 1 |  | 
                19 total
 » build order
                00:03 Altar of Storms
00:13 Orc Burrow
00:38 Barracks
01:24 Orc Burrow
02:44 Voodoo Lounge
03:10 Stronghold
04:07 Orc Burrow
04:09 Stronghold
06:38 Orc Burrow
06:42 Beastiary
06:46 Spirit Lodge
10:16 Great Hall
10:51 War Mill
14:34 Orc Burrow
14:41 Orc Burrow
14:48 Orc Burrow
14:53 Orc Burrow
15:10 Fortress
15:44 Orc Burrow
15:47 Orc Burrow
» items
                
                | Healing Salve | 2 |  | 
| Lesser Clarity Potion | 1 |  | 
| Boots of Speed | 1 |  | 
| Circlet of Nobility | 1 |  | 
| Potion of Healing | 1 |  | 
                6 total
  
               
              
              
debinhalencar (
pink | 148 APM | 2371 actions | 16:03)
              
 3 Archmage 
 2 Summon Water Elemental
 1 Brilliance Aura
 1 Pit Lord 
 1 Rain of Fire
 
                » actions 
                
                | Assign group hotkey | 65 |  | 
| Basic commands | 101 |  | 
| Build / train | 101 |  | 
| ESC pressed | 6 |  | 
| Enter build submenu | 30 |  | 
| Enter hero's abilities submenu | 4 |  | 
| Right click | 1220 |  | 
| Select / deselect | 598 |  | 
| Select group hotkey | 133 |  | 
| Use ability | 111 |  | 
                2371 total
 » units 
                
                | Peasant | 20 |  | 
| Footman | 22 |  | 
| Gryphon Rider | 4 |  | 
                46 total
 » upgrades
                
                | Masonry | 3 |  | 
| Defend | 1 |  | 
| Lumber Harvesting | 2 |  | 
                6 total
 » buildings
                
                | Altar of Kings | 1 |  | 
| Barracks | 1 |  | 
| Farm | 6 |  | 
| Scout Tower | 14 |  | 
| Lumber Mill | 1 |  | 
| Guard Tower | 18 |  | 
| Arcane Vault | 3 |  | 
| Keep | 2 |  | 
| Castle | 5 |  | 
| Town Hall | 1 |  | 
| Gryphon Aviary | 2 |  | 
                54 total
 » build order
                00:05 Altar of Kings
00:18 Barracks
00:33 Farm
00:59 Farm
01:50 Scout Tower
02:06 Lumber Mill
02:09 Scout Tower
02:39 Scout Tower
02:58 Guard Tower
02:58 Guard Tower
03:01 Farm
03:08 Guard Tower
03:08 Guard Tower
03:59 Guard Tower
04:24 Arcane Vault
04:26 Keep
04:26 Keep
05:51 Farm
07:02 Castle
07:02 Castle
07:30 Town Hall
07:31 Scout Tower
07:33 Scout Tower
08:02 Scout Tower
08:05 Scout Tower
08:06 Guard Tower
08:06 Guard Tower
08:25 Farm
08:34 Guard Tower
09:50 Guard Tower
09:52 Scout Tower
10:03 Castle
10:20 Arcane Vault
10:21 Guard Tower
10:22 Scout Tower
10:51 Scout Tower
10:53 Guard Tower
11:23 Guard Tower
11:25 Scout Tower
11:59 Guard Tower
12:18 Gryphon Aviary
12:19 Gryphon Aviary
13:01 Scout Tower
14:24 Guard Tower
14:57 Arcane Vault
15:37 Farm
15:57 Scout Tower
15:57 Scout Tower
» items
                
                | Scroll of Regeneration | 4 |  | 
| Lesser Clarity Potion | 1 |  | 
| Potion of Lesser Invulnerability | 4 |  | 
| Scroll of Town Portal | 2 |  | 
                11 total
  
               team 2 (winner) 
              
              
shhuang (
blue | 108 APM | 1739 actions | 16:03)
              
 4 Death Knight 
 2 Death Coil
 2 Unholy Aura
 3 Lich 
 1 Frost Armor
 1 Frost Nova
 1 Dark Ritual
 
                » actions 
                
                | Assign group hotkey | 26 |  | 
| Basic commands | 126 |  | 
| Build / train | 40 |  | 
| Enter build submenu | 10 |  | 
| Enter hero's abilities submenu | 7 |  | 
| Right click | 610 |  | 
| Select / deselect | 186 |  | 
| Select group hotkey | 701 |  | 
| Use ability | 33 |  | 
                1739 total
 » units 
                
                | Acolyte | 3 |  | 
| Ghoul | 2 |  | 
| Crypt Fiend | 11 |  | 
| Obsidian Statue | 1 |  | 
                17 total
 » upgrades
                » buildings
                
                | Crypt | 1 |  | 
| Graveyard | 1 |  | 
| Altar of Darkness | 1 |  | 
| Ziggurat | 5 |  | 
| Tomb of Relics | 1 |  | 
| Nerubian Tower | 2 |  | 
| Halls of the Dead | 1 |  | 
| Slaughterhouse | 1 |  | 
| Black Citadel | 1 |  | 
                14 total
 » build order
                00:08 Crypt
00:11 Graveyard
00:42 Altar of Darkness
00:58 Ziggurat
01:46 Tomb of Relics
01:52 Nerubian Tower
02:27 Ziggurat
03:21 Halls of the Dead
04:25 Ziggurat
05:32 Nerubian Tower
05:56 Slaughterhouse
07:14 Ziggurat
07:22 Black Citadel
11:02 Ziggurat
» items
                
                | Rod of Necromancy | 1 |  | 
| Potion of Healing | 2 |  | 
| Orb of Corruption | 1 |  | 
| Scroll of Healing | 1 |  | 
| Scroll of Town Portal | 1 |  | 
| Potion of Mana | 1 |  | 
                7 total
  
               
              
              
Easy2fu-ck (
purple | 128 APM | 2057 actions | 16:03)
              
 5 Death Knight 
 2 Death Coil
 3 Unholy Aura
 3 Lich 
 2 Frost Nova
 1 Dark Ritual
 
                » actions 
                
                | Assign group hotkey | 42 |  | 
| Basic commands | 1 |  | 
| Build / train | 53 |  | 
| Enter build submenu | 17 |  | 
| Enter hero's abilities submenu | 8 |  | 
| Give item / drop item | 2 |  | 
| Right click | 980 |  | 
| Select / deselect | 203 |  | 
| Select group hotkey | 641 |  | 
| Use ability | 110 |  | 
                2057 total
 » units 
                
                | Acolyte | 2 |  | 
| Ghoul | 19 |  | 
| Obsidian Statue | 3 |  | 
                24 total
 » upgrades
                
                | Ghoul Frenzy | 1 |  | 
| Destroyer Form | 1 |  | 
| Unholy Strength | 2 |  | 
                4 total
 » buildings
                
                | Crypt | 1 |  | 
| Altar of Darkness | 1 |  | 
| Ziggurat | 5 |  | 
| Tomb of Relics | 1 |  | 
| Halls of the Dead | 1 |  | 
| Graveyard | 1 |  | 
| Black Citadel | 1 |  | 
| Slaughterhouse | 1 |  | 
                12 total
 » build order
                00:09 Crypt
00:12 Altar of Darkness
00:27 Ziggurat
00:54 Tomb of Relics
02:42 Ziggurat
03:07 Halls of the Dead
03:38 Ziggurat
04:39 Graveyard
05:52 Black Citadel
06:33 Slaughterhouse
06:52 Ziggurat
13:46 Ziggurat
» items
                
                | Rod of Necromancy | 2 |  | 
| Dust of Appearance | 1 |  | 
| Orb of Corruption | 1 |  | 
| Scroll of Healing | 3 |  | 
| Scroll of Protection | 1 |  | 
                8 total
  
                Chat log
          (00:36 / Allies) debinhalencar: delay da porra
(00:40 / Allies) ATempT: zz
(00:41 / Allies) ATempT: z
(00:41 / Allies) ATempT: z
(00:41 / Allies) ATempT: z
(00:41 / Allies) ATempT: z
(02:00 / Allies) debinhalencar: ghoul rush
(02:18 / Allies) debinhalencar: kitei
(02:18 / Allies) ATempT: ?
(02:23 / Allies) ATempT: q eh??
(02:27 / Allies) ATempT: vai se fude
(02:28 / Allies) ATempT: maxu
(03:35 / Allies) debinhalencar: NAO
(03:36 / Allies) debinhalencar: JOGO
(03:36 / Allies) debinhalencar: MAIS
(03:38 / Allies) debinhalencar: COM ORIENTAL
(03:42 / Allies) ATempT: kkk
(03:46 / Allies) ATempT: eu?
(03:50 / Allies) debinhalencar: VC N CONTA
(04:12 / Allies) debinhalencar: xego
(04:19 / Allies) ATempT: guenta
(05:45 / Allies) debinhalencar: olha isso!!
(08:38 / Allies) debinhalencar: scout
(08:48 / Allies) debinhalencar: b
(09:06 / Allies) debinhalencar: çicj
(11:40 / Allies) debinhalencar: a n
(11:40 / Allies) debinhalencar: kitei
(13:13 / Allies) ATempT: a se fude
(13:52 / Allies) debinhalencar: wood
(14:16 / Allies) ATempT: deu
(14:17 / Allies) ATempT: deu
(14:30 / Allies) debinhalencar: isso
(14:32 / Allies) debinhalencar: eh apelar
(14:33 / Allies) debinhalencar: 2 coil
(14:34 / Allies) debinhalencar: 2 nova
(15:35 / Allies) debinhalencar: bora kita
(16:03 / Allies) debinhalencar: entendeu pq humano faz torre agr?